 Dungeon Crawl Stone Soup version 0.28.0-53-g5a82cb258f (webtiles) character file.

Game seed: 15321731962956036417

6647 fleeber the Cleaver (level 10, -2/91 HPs)
             Began as a Minotaur Berserker on June 24, 2022.
             Was an Elder of Trog.
             Slain by an unseen horror (5 damage)
             ... on level 10 of the Dungeon on June 25, 2022.
             The game lasted 00:52:54 (10690 turns).

fleeber the Cleaver (Minotaur Berserker)           Turns: 10690, Time: 00:52:55

Health: -2/91      AC: 16    Str: 25    XL:     10   Next: 72%
Magic:  0/9        EV: 10    Int:  4    God:    Trog [****..]
Gold:   528        SH:  0    Dex: 17    Spells: 9/9 levels left

rFire   + . .      SeeInvis .   s - +0 war axe
rCold   . . .      Faith    .   (no shield)
rNeg    . . .      Spirit   +   D - +0 plate armour
rPois   .          Reflect  .   (helmet restricted)
rElec   .          Harm     .   j - +1 cloak
rCorr   .          Rampage  .   (no gloves)
Will    .....                   (no boots)
Stlth   ..........              t - amulet of guardian spirit
HPRegen 0.25/turn               C - +6 ring of dexterity
MPRegen 0.11/turn               G - ring of protection from fire

@: on berserk cooldown, slowed, very slow
A: horns 2, retaliatory headbutt
a: Renounce Religion, Berserk, Trog's Hand, Brothers in Arms


You were on level 10 of the Dungeon.
You worshipped Trog.
Trog was greatly pleased with you.
You visited 1 branch of the dungeon, and saw 10 of its levels.

You collected 528 gold pieces.

Inventory:

Hand Weapons
 s - a +0 war axe (weapon)
Missiles
 k - 195 stones (quivered)
 E - 2 throwing nets
 F - 18 silver boomerangs
Armour
 j - a +1 cloak (worn)
 D - a +0 plate armour (worn)
Jewellery
 t - an amulet of guardian spirit (around neck)
 C - a +6 ring of dexterity (left hand)
 G - a ring of protection from fire (right hand)
 H - a ring of willpower
Wands
 u - a wand of iceblast (12)
 y - a wand of digging (6)
Scrolls
 a - 4 scrolls of immolation
 b - 9 scrolls of identify
 e - 2 scrolls of holy word {unknown}
 i - 5 scrolls of blinking
 l - 3 scrolls of vulnerability {unknown}
 m - 2 scrolls of silence {unknown}
 n - 3 scrolls of summoning {unknown}
 p - 2 scrolls of magic mapping {unknown}
 w - a scroll of noise {unknown}
 z - a scroll of fear {unknown}
 A - a scroll of enchant armour {unknown}
 B - a scroll of teleportation {unknown}
 K - a scroll of fog {unknown}
Potions
 c - 3 potions of mutation {unknown}
 d - 2 potions of lignification {unknown}
 f - a potion of haste {unknown}
 g - 6 potions of brilliance {unknown}
 h - 2 potions of flight {unknown}
 o - 2 potions of degeneration {unknown}
 q - a potion of cancellation {unknown}
 r - a potion of heal wounds {unknown}
 v - 4 potions of curing {unknown}
 x - 2 potions of might {unknown}
 I - a potion of magic {unknown}
 J - a potion of attraction {unknown}


   Skills:
 * Level 9.0 Fighting
 * Level 13.0 Axes
 * Level 5.5 Throwing
 * Level 9.1 Armour
 * Level 5.2 Dodging
 * Level 2.0 Evocations


You had 9 spell levels left.
You didn't know any spells.
Your spell library was empty.

Dungeon Overview and Level Annotations

Branches:
Dungeon (10/15)            Temple (0/1) D:6
   Lair: D:8-11         Orc: D:9-12

Altars:
Dithmenos
Fedhas
Uskayaw
Yredelemnul
Zin

Shops:
D:8 (

Annotations:
D:8 2 transporters, 1 runed translucent door, Sin92's ghost, novice DsFi


Innate Abilities, Weirdness & Mutations

You have a pair of horns on your head.
You reflexively headbutt those who attack you in melee.


Message History

Something hits you but does no damage. Something hits you.
* * * LOW HITPOINT WARNING * * *
Something hits you but does no damage. x2
Something hits you but does no damage. Something hits you.
* * * LOW HITPOINT WARNING * * *
Something hits you.
* * * LOW HITPOINT WARNING * * *
You barely miss something. Something hits you but does no damage.
Something hits you but does no damage.
You miss something. You headbutt something.
Something hits you but does no damage. Something hits you.
* * * LOW HITPOINT WARNING * * *
You slash something! Something hits you but does no damage.
You slash something! Something hits you.
* * * LOW HITPOINT WARNING * * *
Something hits you.
* * * LOW HITPOINT WARNING * * *
Something hits you.
* * * LOW HITPOINT WARNING * * *
Something hits you.
* * * LOW HITPOINT WARNING * * *
Something hits you but does no damage. Something hits you. Something hits you.
* * * LOW HITPOINT WARNING * * *
Something hits you but does no damage. Something hits you.
* * * LOW HITPOINT WARNING * * *
Something hits you.
* * * LOW HITPOINT WARNING * * *
Something hits you but does no damage. Something hits you but does no damage.
Something hits you but does no damage. Something hits you but does no damage.
Something hits you.
* * * LOW HITPOINT WARNING * * *
You slash something! Your headbutt misses something.
Something hits you but does no damage. Something hits you!
You die...

.........#.....(....####
######.......#..........#..#
.....######..#....#######..#
..........#..#....#.....#..#
.........#..#....#....##..#
........+..#....#....##..#
#.....#..#....#........#
#.....#..#....#........#
#.....'..#@...#........#
#.....#..#....#>...##..#
#.....####....#....#####
#.............#.....#
#.............#.....#
#.............#.....#
#.............#.....#
#.........##'##.....#
#.........#...'....[#


There were no monsters in sight!

Vanquished Creatures
  Harold (D:6)
  A shadow (D:10)
  A wraith (D:6)
  9 yaks
  A wyvern (D:9)
  A steam dragon (D:7)
  2 water moccasins (D:6)
  2 ice beasts
  A sky beast (D:6)
  An orc warrior (D:5)
  4 ogres
  5 necrophages
  A centaur (D:9)
  3 kobold brigands (D:8)
  4 bullfrogs
  4 scorpions
  A water moccasin skeleton (D:4)
  9 killer bees (D:9)
  5 wights (D:7)
  A howler monkey (D:6)
  A bullfrog zombie (D:5)
  A centaur skeleton (D:7)
  5 centaur zombies
  A hound (D:5)
  2 jellies
  2 bullfrog skeletons
  2 gnoll shamans
  4 iguanas
  6 orc wizards
  A hound skeleton (D:5)
  13 gnolls
  8 adders
  A shadow imp (D:8)
  A white imp (D:6)
  4 ufetubi
  A dart slug (D:2)
  22 orcs
  4 ball pythons
  7 bats
  10 endoplasms
  4 giant cockroaches
  8 goblins
  7 hobgoblins
  8 jackals
  8 quokkas
  4 frilled lizards
  11 kobolds
  7 rats
  4 bushes (D:5)
214 creatures vanquished.

Vanquished Creatures (others)
  10 plants (D:5)
10 creatures vanquished.

Grand Total: 224 creatures vanquished

Notes
Turn   | Place    | Note
-------+----------+-------------------------------------------
     0 | D:1      | fleeber the Minotaur Berserker began the quest for the Orb.
     0 | D:1      | Reached XP level 1. HP: 19/19 MP: 0/0
   151 | D:1      | Reached skill level 4 in Axes
   156 | D:1      | Reached XP level 2. HP: 27/27 MP: 1/1
   955 | D:1      | Reached XP level 3. HP: 33/33 MP: 2/2
  1145 | D:2      | Reached ** piety under Trog
  1280 | D:2      | Reached XP level 4. HP: 39/41 MP: 3/3
  1490 | D:2      | Found a faded altar of an unknown god.
  1674 | D:3      | Reached skill level 5 in Axes
  1940 | D:3      | Reached skill level 1 in Throwing
  2105 | D:3      | Reached XP level 5. HP: 45/47 MP: 4/4
  2629 | D:3      | Reached skill level 6 in Axes
  2679 | D:3      | Reached skill level 5 in Fighting
  2778 | D:3      | Found a hide-covered altar of Uskayaw.
  3196 | D:4      | Noticed an ice beast
  3214 | D:4      | Killed an ice beast
  3215 | D:4      | Reached XP level 6. HP: 56/56 MP: 5/5
  3301 | D:4      | Reached *** piety under Trog
  3545 | D:4      | Found a basalt altar of Yredelemnul.
  3586 | D:4      | Reached skill level 7 in Axes
  3586 | D:4      | Reached XP level 7. HP: 61/61 MP: 6/6
  3821 | D:5      | Entered Level 5 of the Dungeon
  4232 | D:5      | Identified the +3 leather armour of Kiudumpi {rF+ rC- MP+9}
  4260 | D:5      | Found a sand-covered staircase.
  4477 | D:5      | Found a blossoming altar of Fedhas.
  4686 | D:5      | Reached skill level 8 in Axes
  4690 | D:5      | Reached XP level 8. HP: 70/70 MP: 7/7
  4797 | D:6      | Reached skill level 5 in Armour
  4959 | D:6      | Reached skill level 9 in Axes
  5364 | D:6      | Reached skill level 10 in Axes
  5825 | D:6      | Reached XP level 9. HP: 51/79 MP: 8/8
  6707 | D:6      | Found a staircase to the Ecumenical Temple.
  6930 | D:7      | Reached skill level 11 in Axes
  7111 | D:7      | Noticed Harold
  7160 | D:6      | Killed Harold
  7909 | D:7      | Reached skill level 5 in Throwing
  8126 | D:7      | Found a glowing silver altar of Zin.
  8307 | D:8      | Found a transporter.
  8320 | D:7      | Reached XP level 10. HP: 78/89 MP: 6/9
  8412 | D:7      | Reached skill level 12 in Axes
  8607 | D:8      | Found a shadowy altar of Dithmenos.
  8610 | D:8      | Reached **** piety under Trog
  8611 | D:8      | Reached skill level 1 in Evocations
  8830 | D:8      | Found Itton's Weapon Boutique.
  9380 | D:8      | Found a transporter.
  9695 | D:8      | Found a runed translucent door.
  9695 | D:8      | Noticed Sin92's ghost (novice DsFi)
  9695 | D:8      | Noticed a cyclops
 10043 | D:9      | Reached skill level 5 in Dodging
 10400 | D:9      | Noticed a deep elf pyromancer
 10417 | D:10     | Entered Level 10 of the Dungeon
 10579 | D:10     | Reached skill level 13 in Axes
 10684 | D:10     | HP: 2/91 [something (3)]
 10690 | D:10     | Slain by an unseen horror

Illustrated notes

Levels and vault maps discovered:
D:1:      sevenhm_arrival_forest_fort_small_4, layout_loops_ring,
          minmay_crystal_water
D:2:      layout_rooms, shapermc_ecumenical_altar_flowoftime
D:3:      minmay_diamond_boxcup, layout_basic, mainiacjoe_overflow_tiny_flanked
D:4:      layout_rooms, mainiacjoe_overflow_alcove_1, kennysheep_generic_room_15
D:5:      layout_basic, fedhas_altar_decomposition, enter_ossuary_1,
          kennysheep_windowed_goal
D:6:      layout_loops_ring, minmay_temple_entry_fiery
D:7:      layout_rooms, zin_treasury, uniq_harold
D:8:      gammafunk_cloud_chamber, layout_rooms, grunt_dithmenos_smoke,
          ebering_ghost_inner_flame, serial_shops, nicolae_square_shop,
          minmay_unpleasant_kobolds
D:9:      layout_basic, chequers_garden
D:10:     layout_gridville, overflow_temple_1_default

Skill      XL: |  1  2  3  4  5  6  7  8  9 10 |
---------------+-------------------------------+-----
Axes           | 4 5 6 7 8 10 11 13 | 13.0
Fighting       | 4 5 7 8 9 |  9.0
Armour         | 3 4 5 7 9 |  9.1
Throwing       | 1 2 3 4 5 |  5.5
Dodging        | 3 4 5 |  5.2
Evocations     | 2 |  2.0

Action                   |  1- 3 |  4- 6 |  7- 9 | 10-12 || total
-------------------------+-------+-------+-------+-------++-------
Melee: Hand axe          |    86 |   130 |       |       ||   216
       Headbutt          |     7 |    14 |    61 |    25 ||   107
       War axe           |       |       |   227 |   132 ||   359
       Punch             |       |       |     3 |     2 ||     5
Throw: Throwing net      |       |     1 |       |       ||     1
       Stone             |       |     3 |    16 |    19 ||    38
       Boomerang         |       |       |    13 |       ||    13
Invok: Berserk           |     1 |     3 |     5 |     3 ||    12
       Trog's Hand       |       |       |     1 |       ||     1
Evoke: Wand              |       |       |     1 |       ||     1
  Use: Scroll            |       |       |       |     2 ||     2
Armor: Animal skin       |     4 |       |       |       ||     4
       Ring mail         |    48 |    37 |       |       ||    85
       Chain mail        |       |    23 |    66 |       ||    89
       Plate armour      |       |       |    38 |   131 ||   169
Dodge: Dodged            |    58 |    76 |    93 |    49 ||   276
